 Dungeon Crawl Stone Soup version 0.23.2 (webtiles) character file.

Game seed: 15857185577094646019

168 Borgoz the Sneak (level 5, -6/45 HPs)
             Began as a Ghoul Assassin on Apr 4, 2019.
             Mangled by an orc
             ... wielding a +0 mace
              (7 damage)
             ... on level 3 of the Dungeon.
             The game lasted 00:05:08 (1990 turns).

Borgoz the Sneak (Ghoul Assassin)                   Turns: 1990, Time: 00:05:09

Health: -6/45      AC:  6    Str: 15    XL:     5   Next: 48%
Magic:  4/4        EV: 10    Int:  6    God:
Gold:   109        SH:  0    Dex: 11    Spells: 4/4 levels left

rFire    . . .     SeeInvis .   a - +1 short sword (venom)
rCold    + . .     Gourm    .   (no shield)
rNeg     + + +     Faith    .   l - +0 ring mail
rPois    ∞         Spirit   .   (no helmet)
rElec    .         Reflect  .   d - +0 cloak
rCorr    .         Harm     .   (no gloves)
MR       .....                  (no boots)
Stlth    +.........             j - amulet of regeneration
HPRegen  0.00/turn              (no ring)
MPRegen  0.09/turn              (no ring)

@: confused, rotting
A: rotting body, claws 1, carnivore, cold resistance 1, negative energy
resistance 3, inhibited regeneration, torment resistance, unbreathing
a: no special abilities


You were on level 3 of the Dungeon.
You were not hungry.

You visited 1 branch of the dungeon, and saw 3 of its levels.

You collected 109 gold pieces.

Inventory:

Hand Weapons
 a - a +1 short sword of venom (weapon)
 b - a +0 blowgun
Missiles
 e - 8 poisoned needles
 f - 2 curare-tipped needles
 m - 7 steel javelins (quivered)
Armour
 d - a +0 cloak (worn)
 l - a +0 ring mail (worn)
Jewellery
 j - an amulet of regeneration (around neck)
 p - an uncursed amulet of rage {unknown}
Scrolls
 c - a scroll of fear {unknown}
 h - 4 scrolls of identify {unknown}
 k - a scroll of magic mapping {unknown}
 n - 2 scrolls of teleportation {unknown}
 o - a scroll of amnesia {unknown}
 r - a scroll of enchant armour {unknown}
Potions
 q - a potion of cancellation {unknown}
 s - a potion of brilliance {unknown}
 t - a potion of ambrosia {unknown}
Comestibles
 g - 6 rations
 i - 5 chunks of flesh


   Skills:
 + Level 3.3 Fighting
 * Level 3.6 Short Blades
 - Level 1.7 Throwing
 - Level 1.0 Armour
 - Level 1.0 Dodging
 + Level 5.2 Stealth


You had 4 spell levels left.
You didn't know any spells.
Your spell library was empty.

Dungeon Overview and Level Annotations

Branches:
Dungeon (3/15)

Altars:


Innate Abilities, Weirdness & Mutations

Your body is rotting away.
You thrive on raw meat.
You are immune to poison.
You have sharp fingernails.
You are carnivorous and can eat meat at any time.
Your flesh is cold resistant. (rC+)
You are immune to negative energy. (rN+++)
You do not regenerate when monsters are visible.
You are immune to unholy pain and torment.
You can survive without breathing.


Message History

Eat one of 6 chunks of flesh? (ye/n/q)
You eat one of the 6 chunks of flesh.
This raw flesh tastes great!
The orc hits you but does no damage. Something hits you.
You're too confused to move!
The orc closely misses you.
The orc hits you from afar with a +0 trident.
Something hits you but does no damage.
You completely miss something. The orc barely misses you.
Something hits you but does no damage. The orc hits you with a +0 trident.
* * * LOW HITPOINT WARNING * * *
The orc hits you but does no damage.
Things that are here:
2 stones; a +0 club You miss something.
Something hits you but does no damage. The orc hits you with a +0 trident.
* * * LOW HITPOINT WARNING * * *
A magic dart appears from out of thin air!
The magic dart hits you!
* * * LOW HITPOINT WARNING * * *
The orc hits you with a +0 mace!
You die...

##...... ##.....(#
.#.......#
.........#
.........###
......>.(..#
......o{)#.#
.......(o#.#######
.......@..........
..$.........(...#
..########.####.#
#. ...........#.#
...#######.##.#.#
##.#######.##.#)#
....(...........#
#.............###
#..##...####..#


You could see 2 orcs.

Vanquished Creatures
  4 gnolls
  4 adders
  7 worms
  5 orcs (D:3)
  9 bats
  5 giant cockroaches
  4 goblins
  8 hobgoblins
  5 jackals
  5 kobolds
  A quokka (D:2)
  A ball python (D:1)
  3 frilled lizards
  6 rats
67 creatures vanquished.

Vanquished Creatures (others)
  An orc (D:3)
1 creature vanquished.

Grand Total: 68 creatures vanquished

Notes
Turn   | Place    | Note
-------+----------+-------------------------------------------
     0 | D:1      | Borgoz the Ghoul Assassin began the quest for the Orb.
     0 | D:1      | Reached XP level 1. HP: 17/17 MP: 0/0
    26 | D:1      | Reached skill level 1 in Dodging
    64 | D:1      | Reached XP level 2. HP: 20/24 MP: 1/1
   442 | D:1      | Reached skill level 1 in Armour
   625 | D:1      | Reached XP level 3. HP: 26/29 MP: 2/2
  1031 | D:2      | Reached XP level 4. HP: 28/36 MP: 3/3
  1380 | D:2      | Reached skill level 5 in Stealth
  1657 | D:1      | Reached XP level 5. HP: 37/45 MP: 4/4
  1990 | D:3      | HP: 1/45 [something/magic dart (7)]
  1990 | D:3      | Mangled by an orc

Skill      XL: |  1  2  3  4 |
---------------+-------------+-----
Dodging        | 1 |  1.0
Short Blades   | 2 3 |  3.6
Armour         | 1 |  1.0
Fighting       | 3 |  3.3
Stealth        | 5 |  5.2
Throwing       | |  1.7

Action                   |  1- 3 |  4- 6 || total
-------------------------+-------+-------++-------
Melee: Dagger            |   134 |   212 ||   346
       Short sword       |       |    20 ||    20
  Use: Potion            |       |     2 ||     2
 Stab: Sleeping          |     9 |     3 ||    12
  Eat: Chunk             |     1 |     6 ||     7
Armor: Robe              |    17 |       ||    17
       Ring mail         |    41 |    82 ||   123
Dodge: Dodged            |    94 |   125 ||   219
